 Dungeon Crawl Stone Soup version 0.18.1-50-g88ac8fd (webtiles) character file.

15424 Franakus the Eclecticist (level 12, -8/62 HPs)
             Began as a Deep Elf Conjurer on Oct 29, 2016.
             Was a Believer of Vehumet.
             Mangled by an eight-headed hydra (12 damage)
             ... on level 3 of the Lair of Beasts.
             The game lasted 02:19:50 (9892 turns).

Franakus the Eclecticist (Deep Elf Conjurer)        Turns: 9892, Time: 02:19:53

Health: -8/62      AC: 13    Str:  5    XL:     12   Next: 1%
Magic:  0/33       EV: 19    Int: 28    God:    Vehumet [**....]
Gold:   620        SH:  0    Dex: 15    Spells: 5 memorised, 23 levels left

rFire  + . .     SeeInvis .     y - +0 trident of a bazaar {holy, rF+ Int+2}
rCold  . . .     Gourm    .     N - +2 troll leather armour
rNeg   . . .     Faith    .     (no shield)
rPois  .         Spirit   +     M - +0 helmet
rElec  .         Dismiss  .     s - +2 cloak {MR+}
rCorr  .         Reflect  .     (no gloves)
SustAt .         Harm     .     (no boots)
MR     ++...                    P - amulet of guardian spirit
Stlth  +++.......               I - +3 ring of protection (curse)
                                p - +3 ring of evasion

@: about to teleport, very resistant to hostile enchantments, fairly stealthy
A: no striking features
a: Renounce Religion


You were on level 3 of the Lair of Beasts.
You worshipped Vehumet.
Vehumet was pleased with you.
You were hungry.

You visited 3 branches of the dungeon, and saw 13 of its levels.

You collected 696 gold pieces.
You spent 76 gold pieces at shops.

Inventory:

Hand Weapons
 n - a +3 flail of protection
 r - a +0 quarterstaff of freezing
 y - the +0 trident of a bazaar (weapon) {holy, rF+ Int+2}
   (You found it on level 6 of the Dungeon)

   It has been blessed by the Shining One to cause great damage to the undead
   and demons.
   It affects your intelligence (+2).
   It protects you from fire.
 A - the +6 spear of Duify {pierce, Dex+4 Stlth+}
   (You found it on level 1 of the Lair of Beasts)

   It inflicts extra damage upon your enemies.
   It affects your dexterity (+4).
   It makes you more stealthy.
Armour
 s - a +2 cloak of magic resistance (worn)
 E - a +2 robe of cold resistance
 H - a +0 ring mail of cold resistance
 M - a +0 helmet (worn)
 N - a +2 troll leather armour (worn)
Magical Staves
 f - an uncursed staff of death
Jewellery
 m - an uncursed ring of ice
 p - a +3 ring of evasion (left hand)
 I - a cursed +3 ring of protection (right hand)
 P - an amulet of guardian spirit (around neck)
Wands
 h - a wand of polymorph (16/24)
 D - a wand of paralysis (11/24)
 J - a wand of disintegration (7/24)
 K - a wand of flame (24/48)
 Q - a wand of teleportation (3/9)
 R - a wand of flame (16/48)
Scrolls
 a - a scroll of brand weapon {unknown}
 d - 5 scrolls of identify
 i - 7 scrolls of remove curse
 v - a scroll of recharging {unknown}
 x - a scroll of teleportation
 z - a scroll of blinking
 B - a scroll of immolation {unknown}
 C - a scroll of fear {unknown}
 F - a scroll of random uselessness
 O - a scroll of vulnerability {unknown}
Potions
 e - a potion of curing
 j - 2 potions of heal wounds
 k - a potion of ambrosia {unknown}
 l - 2 potions of invisibility
 q - 2 potions of agility
 t - 2 potions of might
Books
 b - a book of Conjurations

   Spells                             Type                      Level
   a - Magic Dart                     Conjuration                  1
   b - Searing Ray                    Conjuration                  2
   c - Dazzling Spray                 Conjuration/Hexes            3
   d - Fulminant Prism                Conjuration/Hexes            4
   e - Iskenderun's Mystic Blast      Conjuration                  4
   f - Iskenderun's Battlesphere      Conjuration/Charms           5
 g - a book of Beasts

   Spells                             Type                      Level
   a - Summon Butterflies             Summoning                    1
   b - Call Canine Familiar           Summoning                    3
   c - Summon Ice Beast               Ice/Summoning                4
   d - Summon Mana Viper              Hexes/Summoning              5
   e - Summon Hydra                   Summoning                    7
 S - a book of the Dragon

   Spells                             Type                      Level
   a - Flame Tongue                   Conjuration/Fire             1
   b - Cause Fear                     Hexes                        4
   c - Bolt of Fire                   Conjuration/Fire             6
   d - Dragon Form                    Transmutation                7
   e - Dragon's Call                  Summoning                    9
 T - a book of the Sky

   Spells                             Type                      Level
   a - Summon Lightning Spire         Summoning/Air                4
   b - Airstrike                      Air                          4
   c - Silence                        Hexes/Air                    5
   d - Deflect Missiles               Charms/Air                   6
   e - Conjure Ball Lightning         Conjuration/Air              6
   f - Tornado                        Air                          9
Comestibles
 c - 8 bread rations
 o - 4 fruits
 u - a meat ration
 w - 2 royal jellies
 L - 9 slices of pizza


   Skills:
 + Level 2.1 Fighting
   Level 0.6 Short Blades
 + Level 2.0 Armour
 + Level 8.6 Dodging
 + Level 6.0 Stealth
 + Level 15.2 Spellcasting
 + Level 12.7 Conjurations
 + Level 6.7 Charms
 * Level 2.6 Fire Magic
 + Level 0.2 Evocations


You had 23 spell levels left.
You knew the following spells:

 Your Spells              Type           Power        Failure   Level  Hunger
a - Magic Dart            Conj           ####         1%          1    None
b - Searing Ray           Conj           ######       1%          2    None
c - Iskenderun's Mystic   Conj           #######.     1%          4    None
d - Iskenderun's Battles  Conj/Chrm      ######..     1%          5    None
e - Bolt of Fire          Conj/Fire      ######....   24%         6    ####...


Dungeon Overview and Level Annotations

Branches:
Dungeon (9/15)             Temple (1/1) D:7            Lair (3/8) D:9
  Swamp (0/4) Lair:3
  Snake: Lair:3-6    Spider: Lair:3-6       Orc: D:9-12

Altars:
Ashenzari
Cheibriados
Dithmenos
Elyvilon
Fedhas
Gozag
Kikubaaqudgha
Makhleb
Nemelex Xobeh
Pakellas
Qazlal
Ru
Sif Muna
Trog
Vehumet
Xom
Yredelemnul
Zin
The Shining One

Shops:
D:4 ?   D:5 %   D:6 *   D:9 *

Annotations:
D:8 Erolcha


Message History

The eight-headed hydra barely misses you. x2
The eight-headed hydra bites you. The eight-headed hydra misses you.
The eight-headed hydra bites you!
The eight-headed hydra bites you but does no damage.
Read which item? (? for menu, Esc to quit)
As you read the scroll of teleportation, it crumbles to dust.
You feel strangely unstable. The eight-headed hydra bites you.
* * * LOW HITPOINT WARNING * * *
The eight-headed hydra completely misses you.
The eight-headed hydra misses you. x2; The eight-headed hydra bites you!
* * * LOW HITPOINT WARNING * * *
The eight-headed hydra misses you. x2
The eight-headed hydra bites you but does no damage.
You feel yourself speed up. The eight-headed hydra bites you!
* * * LOW HITPOINT WARNING * * *
The eight-headed hydra closely misses you. x2
The eight-headed hydra bites you but does no damage.
The eight-headed hydra bites you!
You die...

#P###...######
###
#...รท...P###
##...#.....##
####[..P.#.#
##.#...##
########.##
#....###..#
#.w(w##.## ###
#.#@.#
##.#####
#.D*.#
.......#
#.P.##
####.###
#....# ###
#...## ##....#
#....P#
#..#.## ##.#.#


You could see an eight-headed hydra and a friendly battlesphere.

Vanquished Creatures
  The ghost of cedor the Grappler, a journeyman TrWr of Cheibriados (Lair:3)
  Fannar (Lair:2)
  2 hydras
  Erica (D:9)
  Urug (Lair:1)
  A griffon (Lair:3)
  Maurice (D:8)
  4 spiny frogs
  3 komodo dragons
  2 trolls (D:9)
  A two-headed ogre (D:9)
  7 blink frogs
  2 yaks
  Grum (D:8)
  2 basilisks
  4 hippogriffs
  Edmund (D:4)
  2 water moccasins (Lair:3)
  3 porcupines
  2 sky beasts
  5 orc warriors
  An ice beast (D:7)
  A necrophage (D:5)
  A black bear (D:7)
  A wasp (D:6)
  A phantom (D:7)
  3 centaurs
  5 ogres
  4 wolves (D:8)
  3 crocodiles
  A big kobold (D:9)
  9 giant frogs
  Blork the orc (D:4)
  3 scorpions
  7 killer bees
  An electric eel (Lair:1)
  4 howler monkeys
  3 crimson imps
  2 hounds (D:9)
  A centaur skeleton (D:9)
  6 orc priests
  10 orc wizards
  6 iguanas
  7 worker ants
  A killer bee zombie (D:7)
  A hound skeleton (D:6)
  A worker ant zombie (D:6)
  Robin (D:3)
  3 gnolls (D:3)
  6 adders
  15 river rats
  2 shadow imps
  4 worms
  3 dart slugs (D:1)
  2 giant geckos
  24 orcs
  A ball python (D:4)
  3 bats
  2 giant cockroaches
  14 hobgoblins
  10 jackals
  A quokka (D:4)
  8 giant newts
  11 goblins
  11 kobolds
  A quokka zombie (D:5)
  5 rats
258 creatures vanquished.

Vanquished Creatures (others)
  A fungus (Lair:3)
  2 plants (Lair:2)
3 creatures vanquished.

Grand Total: 261 creatures vanquished

Notes
Turn   | Place    | Note
--------------------------------------------------------------
     0 | D:1      | Franakus the Deep Elf Conjurer began the quest for the Orb.
     0 | D:1      | Reached XP level 1. HP: 10/10 MP: 6/6
   204 | D:1      | Reached XP level 2. HP: 15/15 MP: 6/8
   208 | D:1      | Learned a level 2 spell: Searing Ray
   333 | D:1      | Reached skill level 5 in Conjurations
   749 | D:1      | Reached XP level 3. HP: 19/19 MP: 6/9
  1127 | D:3      | Reached XP level 4. HP: 24/24 MP: 7/11
  1136 | D:3      | Noticed Robin
  1182 | D:3      | Learned a level 4 spell: Iskenderun's Mystic Blast
  1531 | D:3      | Found an oddly glowing altar of Pakellas.
  1532 | D:3      | Found a shattered altar of Ashenzari.
  1689 | D:4      | Reached skill level 4 in Spellcasting
  1689 | D:4      | Reached XP level 5. HP: 17/28 MP: 6/13
  1699 | D:4      | Noticed Blork the orc
  1702 | D:4      | Learned a level 5 spell: Iskenderun's Battlesphere
  1926 | D:3      | Killed Robin
  2195 | D:5      | Entered Level 5 of the Dungeon
  2341 | D:5      | Noticed Edmund
  2377 | D:4      | Found Deojytz's Magic Scroll Shop.
  2384 | D:4      | HP: 1/28 [Edmund/flail of protection (12)]
  2497 | D:5      | Noticed a necrophage
  2523 | D:5      | Killed a necrophage
  2523 | D:5      | Reached skill level 5 in Spellcasting
  2523 | D:5      | Reached XP level 6. HP: 25/32 MP: 7/15
  2558 | D:5      | Found Xumaff's Food Boutique.
  2718 | D:4      | Killed Blork the orc
  3235 | D:5      | Reached XP level 7. HP: 37/37 MP: 0/17
  3273 | D:5      | Reached skill level 6 in Spellcasting
  3528 | D:6      | Reached skill level 1 in Fighting
  3582 | D:6      | Reached skill level 7 in Spellcasting
  3650 | D:6      | Got an ivory trident
  3651 | D:6      | Identified the +0 trident of a bazaar {holy, rF+ Int+2} (You found it on level 6 of the Dungeon)
  3793 | D:6      | Reached skill level 5 in Dodging
  3793 | D:6      | Reached XP level 8. HP: 26/43 MP: 16/20
  3929 | D:6      | Reached skill level 5 in Stealth
  4067 | D:7      | Reached skill level 8 in Spellcasting
  4353 | D:7      | Reached skill level 9 in Spellcasting
  4476 | D:6      | Found Faotij's General Store.
  4615 | D:4      | Killed Edmund
  4615 | D:4      | Reached XP level 9. HP: 48/48 MP: 8/24
  5097 | D:7      | Found a staircase to the Ecumenical Temple.
  5103 | Temple   | Entered the Ecumenical Temple
  5496 | D:8      | Noticed Erolcha
  5659 | D:8      | Noticed Maurice
  5820 | D:8      | Reached skill level 10 in Spellcasting
  6046 | D:8      | Killed Maurice
  6046 | D:8      | Reached skill level 1 in Charms
  6109 | D:8      | Noticed Grum
  6277 | D:9      | Reached skill level 10 in Conjurations
  6280 | D:9      | Reached skill level 11 in Spellcasting
  6285 | D:9      | Found a radiant altar of Vehumet.
  6293 | D:9      | Became a worshipper of Vehumet
  6299 | D:9      | Found a deep blue altar of Sif Muna.
  6299 | D:9      | Found a sparkling altar of Nemelex Xobeh.
  6310 | D:9      | Found a glowing silver altar of Zin.
  6312 | D:9      | Found an ancient bone altar of Kikubaaqudgha.
  6361 | D:9      | Noticed a troll
  6367 | D:9      | Killed a troll
  6405 | D:9      | Found a staircase to the Lair.
  6619 | D:8      | Killed Grum
  6619 | D:8      | Reached XP level 10. HP: 52/53 MP: 17/27
  6975 | D:9      | Reached * piety under Vehumet
  6975 | D:9      | Offered knowledge of Sting by Vehumet.
  6978 | D:9      | Noticed Erica
  7133 | D:9      | Reached skill level 12 in Spellcasting
  7206 | D:9      | Found Bioc's Assorted Antiques.
  7245 | D:9      | Bought a pink potion for 18 gold pieces
  7245 | D:9      | Bought a scroll labeled VYIPROAPAR for 20 gold pieces
  7245 | D:9      | Bought a coppery potion for 18 gold pieces
  7245 | D:9      | Bought a scroll labeled CEXTEZ EPEVIW for 20 gold pieces
  7407 | D:9      | Killed Erica
  7448 | Lair:1   | Entered Level 1 of the Lair of Beasts
  7463 | Lair:1   | Noticed Urug
  7481 | Lair:1   | Killed Urug
  7481 | Lair:1   | Reached skill level 13 in Spellcasting
  7564 | Lair:1   | Got a faintly glowing spear
  7567 | Lair:1   | Identified the +6 spear of Duify {pierce, Dex+4 Stlth+} (You found it on level 1 of the Lair of Beasts)
  8182 | Lair:2   | Reached XP level 11. HP: 57/57 MP: 6/30
  8317 | Lair:2   | Noticed Fannar
  8341 | Lair:2   | Killed Fannar
  8341 | Lair:2   | Reached skill level 5 in Charms
  8567 | Lair:2   | Reached skill level 1 in Armour
  8570 | Lair:2   | Offered knowledge of Freeze by Vehumet.
  8607 | Lair:2   | Reached ** piety under Vehumet
  8607 | Lair:2   | Reached skill level 14 in Spellcasting
  8722 | Lair:2   | Noticed an eight-headed hydra
  8736 | Lair:2   | Killed an eight-headed hydra
  8970 | Lair:3   | Noticed a four-headed hydra
  8976 | Lair:3   | Killed a four-headed hydra
  8984 | Lair:3   | Noticed cedor's ghost (journeyman TrWr)
  9011 | Lair:3   | Found a staircase to the Swamp.
  9123 | Lair:3   | Noticed a griffon
  9156 | Lair:3   | Killed a griffon
  9278 | Lair:3   | Killed cedor's ghost
  9348 | Lair:3   | Reached skill level 15 in Spellcasting
  9356 | Lair:3   | Learned a level 6 spell: Bolt of Fire
  9449 | Lair:3   | Reached skill level 1 in Fire Magic
  9496 | Lair:3   | Found a runed door.
  9783 | Lair:3   | Reached XP level 12. HP: 62/62 MP: 28/33
  9881 | Lair:3   | Noticed an eight-headed hydra
  9892 | Lair:3   | Mangled by an eight-headed hydra

Skill      XL: |  1  2  3  4  5  6  7  8  9 10 11 |
---------------+----------------------------------+-----
Conjurations   | 5 6 7 8 10 11 12 | 12.7
Stealth        | 3 4 5 6 |  6.0
Spellcasting   | 4 5 7 9 11 13 15 | 15.2
Dodging        | 3 5 6 7 8 |  8.6
Fighting       | 1 2 |  2.1
Charms         | 2 4 6 |  6.7
Armour         | 2 |  2.0
Fire Magic     | 2 |  2.6
Short Blades   | |  0.6
Evocations     | |  0.2

Action                   |  1- 3 |  4- 6 |  7- 9 | 10-12 || total
-------------------------+-------+-------+-------+-------++-------
Melee: Dagger            |    13 |    53 |       |       ||    66
       Trident           |       |       |     8 |     3 ||    11
 Cast: Magic Dart        |    61 |    55 |   107 |   209 ||   432
       Searing Ray       |     6 |    18 |    44 |    15 ||    83
       Iskenderun's Myst |       |    14 |     9 |    12 ||    35
       Iskenderun's Batt |       |       |    11 |    36 ||    47
Evoke: Wand              |       |       |       |     1 ||     1
  Use: Potion            |     1 |     2 |     2 |     6 ||    11
       Scroll            |       |     7 |     4 |     9 ||    20
 Stab: Sleeping          |       |       |     1 |       ||     1
  Eat: Chunk             |       |     3 |    12 |    12 ||    27
       Fruit             |       |     2 |       |       ||     2
       Meat ration       |       |     1 |       |       ||     1
Armor: Robe              |     4 |    19 |    16 |     2 ||    41
       Troll leather arm |       |       |       |    19 ||    19
Dodge: Dodged            |     6 |    64 |    76 |    87 ||   233
